 Dungeon Crawl Stone Soup version 0.21.1-1-g345015f (console) character file.

11 Homage the Insei (level 2, -2/14 HPs)
             Began as a Vine Stalker Transmuter on Apr 22, 2018.
             Slain by a howler monkey (3 damage)
             ... on level 2 of the Dungeon.
             The game lasted 00:01:35 (286 turns).

Homage the Insei (Vine Stalker Transmuter)           Turns: 286, Time: 00:01:36

Health: -2/14      AC:  3    Str: 12    XL:     2   Next: 29%
Magic:  0/7        EV: 11    Int: 13    God:
Gold:   50         SH:  0    Dex: 14    Spells: 6/7 levels left

rFire    . . .     SeeInvis .     - Unarmed
rCold    . . .     Gourm    .   (no shield)
rNeg     . . .     Faith    .   e - +0 leather armour
rPois    .         Spirit   +   (no helmet)
rElec    .         Reflect  .   (no cloak)
rCorr    .         Harm     .   (no gloves)
MR       .....                  (no boots)
Stlth    +.........             (no amulet)
HPRegen  0.04/turn              k - ring of wizardry
MPRegen  0.10/turn              (no ring)

@: about to teleport, appendage
A: fangs 2, horns 2, magic shield, antimagic bite, no potion heal 3, rot
immunity
a: End Transformation


You were on level 2 of the Dungeon.
You were not hungry.
You had grown temporary horns.
You visited 1 branch of the dungeon, and saw 2 of its levels.

You collected 50 gold pieces.


Innate Abilities, Weirdness & Mutations

You have extremely sharp teeth.
When hurt, damage is shared between your health and your magic reserves.
Your bite disrupts and absorbs the magic of your enemies.
Potions cannot restore your health.
You are immune to rotting.
You have a pair of horns on your head.


   Skills:
 - Level 0.8 Fighting
 - Level 1.5 Dodging
 - Level 3.0 Unarmed Combat
 - Level 3.0 Spellcasting
 + Level 2.1 Transmutations


You had 6 spell levels left.
You knew the following spells:

 Your Spells              Type           Power        Failure   Level  Hunger
a - Beastly Appendage     Tmut           #.....       4%          1    #......

Inventory:

Missiles
 a - 12 arrows
Armour
 b - a +0 robe
 e - a +0 leather armour (worn)
Jewellery
 k - a ring of wizardry (left hand)
Scrolls
 j - a scroll of identify {unknown}
Books
 c - a book of Changes

   Spells                             Type                      Level
   a - Beastly Appendage              Transmutation                1
   b - Sticks to Snakes               Transmutation                2
   c - Spider Form                    Transmutation/Poison         3
   d - Ice Form                       Ice/Transmutation            4
   e - Blade Hands                    Transmutation                5
Comestibles
 d - 2 rations
 f - 5 chunks of flesh


Message History

The giant cockroach misses you.
You hit the howler monkey but do no damage.
You bite the howler monkey. You drain its power.
You feel invigorated.
The howler monkey is lightly wounded.
The bat closely misses you.
The giant cockroach bites you but does no damage.
The howler monkey hits you. The hobgoblin hits you with a club.
* * * LOW HITPOINT WARNING * * *
The giant cockroach bites you.
* * * LOW HITPOINT WARNING * * *
The bat hits you.
* * * LOW HITPOINT WARNING * * *
The giant cockroach barely misses you.
You aren't carrying any potions.
As you read the scroll of teleportation, it crumbles to dust.
You feel strangely unstable. The bat barely misses you.
The howler monkey hoots and howls with incredible vigour!
The hobgoblin closely misses you. The giant cockroach misses you.
The giant cockroach closely misses you. The howler monkey hits you.
You die...

###### #...b#
#.s@.#
#.hgs#######
#..rg......#
#......<...#
#.r........#
.............#
###..........#
............#
.............#


You could see a howler monkey, 2 giant cockroaches, a hobgoblin, a goblin, a bat
and 2 rats.

Vanquished Creatures
  A leopard gecko (D:1)
  A ball python (D:2)
  A giant cockroach (D:1)
  3 bats (D:1)
  A frilled lizard (D:1)
  6 rats (D:1)
13 creatures vanquished.

Notes
Turn   | Place    | Note
-------+----------+-------------------------------------------
     0 | D:1      | Homage the Vine Stalker Transmuter began the quest for the Orb.
     0 | D:1      | Reached XP level 1. HP: 9/9 MP: 4/4
   107 | D:1      | Reached XP level 2. HP: 12/14 MP: 4/6
   225 | D:1      | Reached skill level 3 in Spellcasting
   278 | D:2      | Noticed a howler monkey
   285 | D:2      | HP: 2/14 [giant cockroach (1)]
   286 | D:2      | Slain by a howler monkey

Vault maps used:
D:1:      onia_arrival_larder
D:2:      brannock_xom_greatest_gift

Action                   || total
-------------------------++-------
Melee: Unarmed           ||    33
       Bite              ||     8
 Cast: Beastly Appendage ||     1
  Use: Scroll            ||     4
 Stab: Sleeping          ||     2
Armor: Robe              ||     2
       Leather armour    ||    13
Dodge: Dodged            ||    55
